[Event "*** Titled Tuesday 3|2 Blitz"]
[Site "Chess.com"]
[Date "2016.09.06"]
[Round "2"]
[White "Gabrielian_Artur"]
[Black "Yaacovn"]
[Result "1-0"]
[WhiteElo "2529"]
[BlackElo "2617"]
[TimeControl "180+2"]
[EndTime "17:18:44 PDT"]
[Termination "Gabrielian_Artur won by resignation"]

1. e4 c6 2. d4 d5 3. Nc3 dxe4 4. Nxe4 Nf6 5. Nxf6+ gxf6 6. c3 Qd5 7. Nf3 Bg4 8. Be2 Nd7 9. O-O e6 10. Bf4 Nb6 11. Bg3 O-O-O 12. a4 Nc4 13. b3 Nd6 14. c4 Qh5 15. h3 Bxf3 16. Bxf3 Qg5 17. d5 Nf5 18. Bh2 Bd6 19. Bxd6 Rxd6 20. c5 Rdd8 21. d6 Nh4 22. b4 Rhg8 23. g3 Nf5 24. Bg2 e5 25. b5 e4 26. bxc6 bxc6 27. Qe2 Nd4 28.
Qa6+ Kd7 29. Qb7+ Ke6 30. Qe7+ Kd5 31. Qxe4+ Kxc5 32. Rfc1+ 1-0

[Event "*** Titled Tuesday 3|2 Blitz"]
[Site "Chess.com"]
[Date "2016.09.06"]
[Round "2"]
[White "ruifeng"]
[Black "danir29"]
[Result "0-1"]
[WhiteElo "2335"]
[BlackElo "2418"]
[TimeControl "180+2"]
[EndTime "17:19:34 PDT"]
[Termination "danir29 won by resignation"]

1. e4 e5 2. Nf3 Nc6 3. g3 Bc5 4. Bg2 Nf6 5. d3 a6 6. c3 d6 7. O-O O-O 8. a4 h6 9. Nbd2 Re8 10. Nc4 Ba7 11. Ne3 Be6 12. h3 Qd7 13. g4 d5 14.
Qc2 d4 15. Nf5 Rad8 16. c4 Nh7 17. N3h4 Bc5 18. Ng3 Be7 19. Nhf5 Bg5 20. h4 Bxc1 21. Qxc1 a5 22. Nh5 Bxf5 23. exf5 Qe7 24. Bf3 Qxh4 25. Kg2 e4 26. dxe4 Ne5 27. Rh1 Qg5 28. Ng3 d3 29.
Nf1 d2 30. Qd1 Qf4 31. Rh5 Ng5 32. Rxg5 hxg5 33. Ne3 Rd3 34. Ra3 Red8 0-1

[Event "*** Titled Tuesday 3|2 Blitz"]
[Site "Chess.com"]
[Date "2016.09.06"]
[Round "2"]
[White "ChessFrois"]
[Black "metalbattler"]
[Result "1-0"]
[WhiteElo "2032"]
[BlackElo "1989"]
[TimeControl "180+2"]
[EndTime "17:19:53 PDT"]
[Termination "ChessFrois won on time"]

1. e4 d5 2. exd5 Nf6 3. d4 Bg4 4. Be2 Bxe2 5. Nxe2 Qxd5 6. O-O Nc6 7. c4 Qh5 8. d5 O-O-O 9. Ng3 Qxd1 10. Rxd1 Nb4 11. Na3 e6 12. Bg5 exd5 13. Bxf6 gxf6 14. cxd5 Rxd5 15. Rxd5 Nxd5 16. Nb5 c6 17. Rd1 Bc5 18. Nf5 Rd8 19. Nbd4 Nf4 20. Kf1 Bxd4 21. Rxd4 1-0

[Event "*** Titled Tuesday 3|2 Blitz"]
[Site "Chess.com"]
[Date "2016.09.06"]
[Round "2"]
[White "dusanacns"]
[Black "Rumpel-VK"]
[Result "1-0"]
[WhiteElo "2556"]
[BlackElo "2438"]
[TimeControl "180+2"]
[EndTime "17:20:01 PDT"]
[Termination "dusanacns won on time"]

1. g3 d5 2. Bg2 c6 3. d3 e5 4. Nf3 Bd6 5. O-O h6 6. c4 Nf6 7. cxd5 cxd5 8. Nc3 a6 9. Nd2 Bc7 10. e4 d4 11. Nd5 Nxd5 12. exd5 O-O 13. Nc4 Nd7 14.
d6 Bb8 15. f4 exf4 16. Bxf4 Nb6 17. Rc1 Nxc4 18. dxc4 Bxd6 19. Qxd4 Bxf4 20. Rxf4 Qxd4+ 21. Rxd4 Rb8 22. c5 Be6 23. a4 Rfc8 24. b4 Rc7 25. Rd6 Rbc8 26. Rb6 a5 27. Bxb7 Rb8 28. c6 axb4 29.
a5 b3 30. a6 Rd8 31. a7 Kh7 32.
a8=Q Rxa8 33. Bxa8 Ra7 34. Bb7 Bd5 35. c7 Bxb7 36.
Rxb7 Rxb7 37. c8=Q b2 38. Qc2+ g6 39. Rb1 Rc7 40.
Qxc7 1-0

[Event "*** Titled Tuesday 3|2 Blitz"]
[Site "Chess.com"]
[Date "2016.09.06"]
[Round "2"]
[White "andryusha"]
[Black "andretta"]
[Result "1-0"]
[WhiteElo "2185"]
[BlackElo "2274"]
[TimeControl "180+2"]
[EndTime "17:20:54 PDT"]
[Termination "andryusha won by resignation"]

1. e4 e6 2. d4 d5 3. Nd2 c5 4. Ngf3 cxd4 5. Nxd4 Nf6 6. e5 Nfd7 7. f4 Nc6 8. N2f3 Bc5 9. c3 O-O 10. Bd3 Nxd4 11.
cxd4 Bb4+ 12. Bd2 Bxd2+ 13. Qxd2 f5 14. O-O Nb8 15. Rfc1 Bd7 16. b4 Qb6 17. a4 Nc6 18.
Bb5 Rfc8 19. Bxc6 Rxc6 20. Rc5 Rac8 21. h3 Qd8 22. Rac1 b6 23. Rxc6 Rxc6 24. Rxc6 Bxc6 25.
b5 Be8 26. Qb4 h6 27. g4 fxg4 28. hxg4 Bg6 29. Qd6 Qe8 30. Kf2 Be4 31. Kg3 Qg6 32. f5 Bxf5 33. g5 hxg5 34. Qd8+ Kh7 35. Nxg5+ Kh6 36.
Kf4 Bd3 37. Qh8+ Qh7 38. Nxh7 Bxh7 1-0

[Event "*** Titled Tuesday 3|2 Blitz"]
[Site "Chess.com"]
[Date "2016.09.06"]
[Round "2"]
[White "yurisolo"]
[Black "FairChess_on_YouTube"]
[Result "1/2-1/2"]
[WhiteElo "2489"]
[BlackElo "2687"]
[TimeControl "180+2"]
[EndTime "17:20:58 PDT"]
[Termination "Game drawn by repetition"]

1. e4 c5 2. Nf3 d6 3. d4 cxd4 4. Nxd4 Nf6 5. Nc3 a6 6. Bg5 Nbd7 7. Bc4 g6 8. Qe2 Bg7 9. O-O-O O-O 10. f4 Qc7 11. Rhe1 Nb6 12. Bb3 Bg4 13. Nf3 a5 14. a4 h6 15. Bh4 Nh5 16. Nb5 Qd7 17. Qe3 Nc8 18. h3 Bxf3 19. Qxf3 Na7 20. Bc4 Nxb5 21. Bxb5 Qe6 22. Kb1 Nxf4 23. Qxf4 g5 24. Bxg5 hxg5 25. Qxg5 Qe5 26. Qxe5 Bxe5 27. Rf1 e6 28. c3 Kg7 29. Rf3 Rg8 30. Rdf1 f6 31. g4 Kf7 32. Kc2 Ke7 33. Rb1 Rg7 34. b4 Kd8 35. Kb3 axb4 36. cxb4 Rc8 37.
Bc4 Rgc7 38. Bxe6 Rc3+ 39. Rxc3 Rxc3+ 40. Ka2 Rxh3 41. Rc1 Rc3 42. Rh1 Rc2+ 43. Kb3 Rc3+ 44. Ka2 Rc2+ 45. Kb3 Rc3+ 46. Ka2 Rc2+ 47. Kb3 Rc3+ 1/2-1/2

[Event "*** Titled Tuesday 3|2 Blitz"]
[Site "Chess.com"]
[Date "2016.09.06"]
[Round "2"]
[White "Amethystical"]
[Black "SidArun"]
[Result "1-0"]
[WhiteElo "2541"]
[BlackElo "2003"]
[TimeControl "180+2"]
[EndTime "17:21:02 PDT"]
[Termination "Amethystical won by resignation"]

1. d4 Nf6 2. c4 c5 3. d5 e6 4. Nc3 exd5 5. cxd5 d6 6. Nf3 g6 7. Bf4 Bg7 8. Qa4+ Bd7 9. Qb3 Qc7 10. e4 O-O 11. Bd3 Nh5 12. Bg5 h6 13. Be3 f5 14. exf5 gxf5 15. O-O f4 16. Bd2 Na6 17.
Rfe1 Nb4 18. Bg6 Bg4 19. Ne4 Qd7 20. Bxb4 cxb4 21. h3 Bxh3 22. Bxh5 Qf5 23. gxh3 Qxh3 24. Nxd6 Qxh5 25. Re6 Kh8 26. Nh2 Rg8 27. Kh1 Raf8 28. Qf3 Qh4 29. Rg1 Bxb2 30. Rxg8+ Kxg8 31. Qg4+ Qxg4 32. Nxg4 Bg7 33. Nxh6+ Bxh6 34. Rxh6 b6 35. Kg2 a5 36. Kf3 a4 37. Ne4 Rc8 38. Rxb6 1-0

[Event "*** Titled Tuesday 3|2 Blitz"]
[Site "Chess.com"]
[Date "2016.09.06"]
[Round "2"]
[White "rozabaku"]
[Black "ItalianMachine"]
[Result "0-1"]
[WhiteElo "2202"]
[BlackElo "2333"]
[TimeControl "180+2"]
[EndTime "17:21:02 PDT"]
[Termination "ItalianMachine won by checkmate"]

1. d4 Nf6 2. c4 e6 3. Nc3 d5 4.
Bg5 Be7 5. e3 O-O 6. Nf3 b6 7.
Qc2 Bb7 8. Be2 Nbd7 9. O-O c5 10.
Rfd1 cxd4 11. Rxd4 h6 12. Bh4 Rc8 13. Rad1 a6 14.
Qb1 Qc7 15. cxd5 exd5 16. Bg3 Qc5 17. Na4 Qa5 18. a3 b5 19. Nc3 Bxa3 20. Nxb5 axb5 21.
bxa3 Ne4 22. Qxb5 Qxb5 23. Bxb5 Ndf6 24. a4 Nc3 25. Ra1 Nxb5 26. axb5 Ne4 27. Nd2 Nc3 28. b6 Ne2+ 29. Kf1 Nxd4 30. exd4 Ra8 31. Rc1 Rfc8 32.
Bc7 Ra4 33. Nb3 Rb4 34. Nc5 Bc6 35. Nd3 Bb5 36. Ke2 Rb3 37. Rd1 Re8+ 38. Kf3 Bxd3 39. Rd2 Ba6+ 40. Kf4 Re4+ 41. Kf5 g6+ 42. Kf6 Re6# 0-1

[Event "*** Titled Tuesday 3|2 Blitz"]
[Site "Chess.com"]
[Date "2016.09.06"]
[Round "2"]
[White "MattyDPerrine"]
[Black "FearlessKing64"]
[Result "0-1"]
[WhiteElo "2201"]
[BlackElo "2312"]
[TimeControl "180+2"]
[EndTime "17:21:02 PDT"]
[Termination "FearlessKing64 won on time"]

1. d4 Nf6 2. c4 g6 3. Nf3 Bg7 4. g3 d5 5. Bg2 dxc4 6. O-O O-O 7.
Na3 c3 8. bxc3 c5 9. e3 Nc6 10.
Rb1 cxd4 11. cxd4 Rb8 12. Nd2 Be6 13. Nac4 Nd5 14. Bb2 Ndb4 15. a4 Qd7 16. Ba3 Nd5 17. Rc1 Bh3 18. Ne4 Bxg2 19. Kxg2 b6 20. Qf3 Rbc8 21. Ned6 Nxe3+ 22. fxe3 exd6 23. Nxd6 Nxd4 24. exd4 Rxc1 25. Rxc1 Qxa4 26. Rc7 Qxd4 27. Rxf7 Qd2+ 28. Kh3 Qh6+ 29. Kg2 Qd2+ 30. Kf1 Rd8 0-1

[Event "*** Titled Tuesday 3|2 Blitz"]
[Site "Chess.com"]
[Date "2016.09.06"]
[Round "2"]
[White "Evgeny_Levin"]
[Black "lionheart95"]
[Result "1-0"]
[WhiteElo "2648"]
[BlackElo "2442"]
[TimeControl "180+2"]
[EndTime "17:21:06 PDT"]
[Termination "Evgeny_Levin won by resignation"]

1. c4 Nf6 2. Nc3 g6 3. e4 d6 4. d4 Bg7 5. Nf3 O-O 6. Be2 Bg4 7. Be3 Nfd7 8. Rc1 e5 9. d5 a5 10. Ng1 Bxe2 11. Ngxe2 Na6 12. O-O f5 13. f3 f4 14.
Bf2 Nac5 15. b3 g5 16. a3 Na6 17. Rb1 Rf6 18. g4 h5 19. h3 Rh6 20. Kg2 Kf7 21.
Rh1 Bf6 22. b4 axb4 23. axb4 Be7 24. Qb3 Qh8 25. c5 Qh7 26. gxh5 Rh8 27. c6 Nf6 28. b5 Nb8 29. b6 cxb6 30. c7 Nbd7 31. Qc4 Nc5 32. Bxc5 bxc5 33. Rxb7 Rxh5 34. Rb8 g4 35. Ng1 gxh3+ 36. Kf1 h2 37. Rxh8 hxg1=Q+ 38. Rxg1 Qxh8 39. Qa6 Rh1 40. c8=Q Qh2 41. Qe6+ Kf8 42. Qac8+ Ne8 43. Qf5+ 1-0

[Event "*** Titled Tuesday 3|2 Blitz"]
[Site "Chess.com"]
[Date "2016.09.06"]
[Round "2"]
[White "TrickyTrapChess"]
[Black "cheese111"]
[Result "1-0"]
[WhiteElo "2126"]
[BlackElo "2231"]
[TimeControl "180+2"]
[EndTime "17:21:08 PDT"]
[Termination "TrickyTrapChess won by checkmate"]

1. d4 Nf6 2. Nc3 d5 3. Bf4 Bf5 4. e3 e6 5. Bd3 Bxd3 6. Qxd3 c6 7. f3 Nbd7 8. Nge2 Qb6 9. O-O-O c5 10. e4 cxd4 11. Nb5 dxe4 12. Qc4 Nd5 13. fxe4 Nxf4 14. Nxf4 Bc5 15. Nh5 O-O 16. Nxd4 Ne5 17. Qc3 Rac8 18. Qg3 Ng6 19. Nb3 Be7 20. Kb1 a5 21. a4 Qb4 22. Rd7 Rfd8 23. Rhd1 Qc4 24. Rxd8+ Bxd8 25. Qd3 Qxa4 26. Nf4 Qc6 27. Nxg6 hxg6 28. Nd4 Qc5 29. Nf3 a4 30. h4 Bf6 31. e5 Bxe5 32. Qd8+ Rxd8 33.
Rxd8+ Kh7 34. Ng5+ Kh6 35. Rh8# 1-0

[Event "*** Titled Tuesday 3|2 Blitz"]
[Site "Chess.com"]
[Date "2016.09.06"]
[Round "2"]
[White "Rating-Schmating"]
[Black "Iball95"]
[Result "1-0"]
[WhiteElo "2215"]
[BlackElo "2477"]
[TimeControl "180+2"]
[EndTime "17:21:15 PDT"]
[Termination "Rating-Schmating won by resignation"]

1. e4 e6 2. d4 d5 3. Nd2 Nc6 4. c3 e5 5. dxe5 dxe4 6. Nxe4 Qxd1+ 7. Kxd1 Bg4+ 8. f3 O-O-O+ 9. Ke1 Bf5 10. Ng3 Bc2 11.
Bf4 Re8 12. Rc1 Bg6 13. Bb5 Nge7 14. N1e2 a6 15. Bc4 Na5 16. Bb3 Nxb3 17. axb3 Nc6 18. Kf2 Nxe5 19. Bxe5 Rxe5 20. Nd4 Bc5 21. Rhe1 f6 22.
Ne4 Bb6 23. Rcd1 Rd8 24. Kg3 Bxd4 25. cxd4 Red5 26. Nc5 Rxd4 27. Rxd4 Rxd4 28. Re7 b6 29.
Ne6 Rd7 30. Rxd7 Kxd7 31. Nxg7 a5 32. Kf4 Bf7 33. Kf5 Ke7 34. Ke4 Bxb3 35. Nf5+ Kd7 36. Nd4 Bc4 37. Kf5 Ke7 38. g4 b5 39. Nc6+ Kd6 40.
Nxa5 Be2 41. Nb3 c5 42. Nd2 Bd3+ 43. Kxf6 c4 44. f4 b4 45. f5 c3 46. bxc3 bxc3 47. Nb3 Kd5 48. Kg7 Bc4 49. Nc1 Kd4 50. f6 Ke5 51. g5 Kf5 52. h4 Kg4 53. Kxh7 Kxh4 54. g6 Kg5 55. f7 Bd3 56. Nxd3 c2 57. f8=Q c1=Q 58. Nxc1 1-0

[Event "*** Titled Tuesday 3|2 Blitz"]
[Site "Chess.com"]
[Date "2016.09.06"]
[Round "2"]
[White "psv98"]
[Black "OparinGrigoriy"]
[Result "1-0"]
[WhiteElo "2531"]
[BlackElo "2597"]
[TimeControl "180+2"]
[EndTime "17:21:16 PDT"]
[Termination "psv98 won by resignation"]

1. Nf3 d5 2. g3 c6 3. Bg2 Bg4 4. O-O Nd7 5. d3 e5 6. Nbd2 Ngf6 7.
h3 Bh5 8. e4 Be7 9. Qe1 O-O 10.
Nh4 Re8 11. b3 a5 12. a4 Qc7 13. Bb2 Bb4 14. g4 Bg6 15. Qe2 dxe4 16. Nxe4 Nxe4 17. dxe4 Nf8 18. Nf5 Ne6 19. Rfd1 Rad8 20. Qf3 f6 21.
Bf1 Bf7 22. h4 Bc5 23. Bc4 Nf4 24. Bxf7+ Qxf7 25. Rxd8 Rxd8 26. Rd1 Rd7 27. Kf1 Qe6 28. Bc1 g6 29. Bxf4 exf4 30. Rxd7 Qxd7 31. Nh6+ Kg7 32. g5 Bd6 33. Ng4 Be5 34. gxf6+ Bxf6 35. Qxf4 Bc3 36. e5 Qd1+ 37. Kg2 Qd5+ 38. Kg1 Bd2 39. Qf6+ Kg8 40. e6 Qf5 41. Qd8+ Kg7 42. Qe7+ Kg8 43. Qd8+ Kg7 44. Qe7+ Kg8 45. Nf6+ 1-0

[Event "*** Titled Tuesday 3|2 Blitz"]
[Site "Chess.com"]
[Date "2016.09.06"]
[Round "2"]
[White "Abrito99"]
[Black "Bishops83"]
[Result "0-1"]
[WhiteElo "2408"]
[BlackElo "2259"]
[TimeControl "180+2"]
[EndTime "17:21:19 PDT"]
[Termination "Bishops83 won on time"]

1. e4 c5 2. d4 cxd4 3. c3 g6 4. Nf3 Bg7 5. Bc4 e6 6. Nxd4 Nf6 7. Nd2 d6 8. O-O O-O 9. Re1 a6 10. N2f3 Qc7 11. Qd3 e5 12. Nc2 b5 13. Bb3 Nbd7 14.
Ne3 Nc5 15. Qc2 Bb7 16. Nd5 Bxd5 17. Bxd5 Nxd5 18. exd5 Qb7 19. Qd1 f5 20. Ng5 Rac8 21. Be3 Na4 22. Ne6 Nxb2 23. Qb3 Nd3 24. Red1 e4 25. Nxf8 Rxc3 26. Qb1 Kxf8 27. a4 b4 28. Bd2 Rc4 29. Ra3 a5 30. Rxd3 exd3 31. Qxd3 Rd4 32. Qg3 Qxd5 33. Qe3 Kf7 34. Rc1 Rxd2 35. Rc7+ Kg8 0-1

[Event "*** Titled Tuesday 3|2 Blitz"]
[Site "Chess.com"]
[Date "2016.09.06"]
[Round "2"]
[White "spirals5"]
[Black "goingin33"]
[Result "0-1"]
[WhiteElo "2253"]
[BlackElo "2178"]
[TimeControl "180+2"]
[EndTime "17:21:21 PDT"]
[Termination "goingin33 won by resignation"]

1. e4 e6 2. Nc3 d5 3. Nf3 Nf6 4. e5 Nfd7 5. a3 c5 6. Bb5 a6 7. Bxd7+ Bxd7 8. O-O Bc6 9. Re1 Be7 10. d3 Nd7 11. Bf4 g5 12. Bg3 h5 13. h3 Qc7 14. h4 gxh4 15. Nxh4 O-O-O 16. Qd2 Rdg8 17. d4 Qd8 18. Nf3 h4 19. Bh2 Rg4 20. Kh1 Rhg8 21. Rg1 Qf8 22. Ne2 Bb5 23. Nf4 Qh6 24. Qe3 Qh7 25. c3 Nb6 26. b3 Bc6 27. a4 Nd7 28.
a5 Nf8 29. b4 c4 30. Nh3 Qe4 31. Rae1 Qh7 32. Qe2 Ba4 33. Nd2 Bc2 34. f3 R4g7 35. Qe3 Bf5 36. Qf2 Bxh3 37. gxh3 Qf5 38. Rxg7 Rxg7 39.
Rg1 Rg6 40. Rxg6 Nxg6 41. Kg2 Qc2 42. Qe3 Bxb4 43. cxb4 c3 44. Qf2 cxd2 0-1

[Event "*** Titled Tuesday 3|2 Blitz"]
[Site "Chess.com"]
[Date "2016.09.06"]
[Round "2"]
[White "saraswathii"]
[Black "Alexander_Moskalenko"]
[Result "0-1"]
[WhiteElo "2122"]
[BlackElo "2650"]
[TimeControl "180+2"]
[EndTime "17:21:22 PDT"]
[Termination "Alexander_Moskalenko won by resignation"]

1. e4 d5 2. exd5 Nf6 3. d4 Bg4 4. Be2 Bxe2 5. Qxe2 Qxd5 6. Nf3 e6 7. O-O Nc6 8. c3 Bd6 9. Nbd2 O-O-O 10. Re1 Rhe8 11. Ne4 Nxe4 12. Qxe4 h6 13. Qxd5 exd5 14. Bd2 Kd7 15. Nh4 Rxe1+ 16. Rxe1 b5 17. Nf5 Bf8 18. Bf4 a5 19. f3 b4 20. Kf2 bxc3 21. bxc3 Rb8 22.
Re2 a4 23. Ne3 Rb5 24. Rd2 Na5 25. Ke2 Nc4 26. Rc2 Nxe3 27. Kxe3 g5 28. Bg3 f5 29. f4 Rb1 30. fxg5 hxg5 31. Be5 a3 32. g3 Bd6 33.
Bf6 f4+ 34. gxf4 gxf4+ 35. Kd3 Ke6 36. Bh4 Rd1+ 37. Ke2 Ra1 38. Kf3 Kf5 39. Rg2 Rc1 40.
Rg5+ Ke6 41. Rg6+ Kd7 42. Bg5 Rxc3+ 43. Kg4 Rc2 44. h4 Rxa2 45. Rg8 Rg2+ 46. Kf3 Rg3+ 47.
Kf2 Ke6 48. Ra8 Kf5 49. Ra5 Ke4 50. Ra4 f3 51. Ra6 Rg2+ 52. Kf1 a2 53. Bc1 Rc2 54. Bg5 Rb2 55. Bc1 Rb1 0-1

[Event "*** Titled Tuesday 3|2 Blitz"]
[Site "Chess.com"]
[Date "2016.09.06"]
[Round "2"]
[White "papapizza_old"]
[Black "pedromartinez91"]
[Result "1/2-1/2"]
[WhiteElo "2262"]
[BlackElo "2374"]
[TimeControl "180+2"]
[EndTime "17:21:27 PDT"]
[Termination "Game drawn by agreement"]

1. d4 d5 2. Nf3 e6 3. c4 Nf6 4. Nc3 Be7 5. Bf4 O-O 6. a3 Ne4 7. e3 f5 8. h3 c6 9. Qc2 Nd7 10. Bd3 Ndf6 11. O-O Bd7 12. Ne2 Be8 13. Ne5 g5 14.
Bh2 Bh5 15. f3 Nd6 16. b4 Nd7 17. Rab1 Nxe5 18. Bxe5 Rc8 19. Rfc1 Nf7 20. Bh2 Bd6 21. Bxd6 Qxd6 22. cxd5 exd5 23. Bxf5 Rce8 24. Bxh7+ Kh8 25.
Rb3 Nh6 26. Bd3 Rxe3 27. Qd2 Rfe8 28. Bc4 R3e7 29. Bd3 Qf6 30. Rf1 Nf5 31. Bxf5 Rxe2 32. Qd3 R8e3 33. Qxe3 Rxe3 34. Rxe3 Qxf5 35. Re7 Qf6 36.
Rfe1 Qxd4+ 37. Kh1 Qc3 38. R1e6 d4 39. Rh6+ Kg8 40.
Rxh5 d3 41. Rxg5+ Kf8 42. Ree5 d2 43. Rgf5+ Kg7 44. Rg5+ Kh6 45. Rh5+ Kg6 46. Rhg5+ Kf7 47. Rgf5+ Kg8 48. Rg5+ Kh8 49. Rh5+ Kg7 50. Rhg5+ Kf6 51.
Rgf5+ Kg6 52. Rg5+ 1/2-1/2

[Event "*** Titled Tuesday 3|2 Blitz"]
[Site "Chess.com"]
[Date "2016.09.06"]
[Round "2"]
[White "Chakraborty-ARZ"]
[Black "Goala"]
[Result "1-0"]
[WhiteElo "2323"]
[BlackElo "2175"]
[TimeControl "180+2"]
[EndTime "17:21:31 PDT"]
[Termination "Chakraborty-ARZ won by resignation"]

1. d4 e6 2. e4 d5 3. Nc3 Nf6 4. e5 Nfd7 5. f4 c5 6. Nf3 Nc6 7. Be3 cxd4 8. Nxd4 Bc5 9. Qd2 a6 10. Be2 O-O 11. O-O-O Bxd4 12. Bxd4 b5 13. Bf3 b4 14. Ne2 a5 15. h4 Qc7 16. h5 Ba6 17. Kb1 Rfc8 18.
h6 g6 19. g4 a4 20. Rh2 Nxd4 21. Nxd4 Nb6 22. Qe1 Nc4 23. Qh4 Qd8 24. Qxd8+ Rxd8 25. Nc6 Rd7 26. Nxb4 Bb5 27. Re2 Rb8 28. a3 Rc7 29. Ree1 Na5 30. c3 Nb3 31. f5 Rc4 32.
fxe6 fxe6 33. Nxd5 exd5 34. Bxd5+ Kf8 35. Bxc4 Bxc4 36.
Rd7 Ke8 37. Rxh7 Rb6 38. Rc7 Bd3+ 39. Ka2 g5 40. h7 Bxh7 41. Rxh7 Nd2 42. Re2 Nc4 43.
e6 Nd6 44. e7 Nf7 45. Rxf7 Kxf7 46. e8=Q+ 1-0

[Event "*** Titled Tuesday 3|2 Blitz"]
[Site "Chess.com"]
[Date "2016.09.06"]
[Round "2"]
[White "rithwik2002"]
[Black "tabarex"]
[Result "1-0"]
[WhiteElo "1909"]
[BlackElo "1866"]
[TimeControl "180+2"]
[EndTime "17:21:31 PDT"]
[Termination "rithwik2002 won by checkmate"]

1. e4 Nc6 2. d4 e5 3. Nf3 exd4 4.
Nxd4 Bc5 5. Be3 Qf6 6. c3 Nge7 7. Bc4 O-O 8. O-O d6 9. f4 Be6 10. Be2 Bd7 11. Nc2 Bxe3+ 12. Nxe3 Ng6 13. Bg4 Bxg4 14.
Qxg4 Rae8 15. Nd5 Qd8 16. Nd2 Nce7 17. Ne3 Nc6 18. Rae1 Qh4 19. Qxh4 Nxh4 20. f5 g6 21. g3 gxf5 22. exf5 Ne5 23. g4 f6 24. Kf2 Kh8 25. Kg3 Nhg6 26. fxg6 hxg6 27. Nd5 Kg7 28. Nxc7 Rc8 29. Ne6+ Kf7 30. Nxf8 Rxf8 31. g5 f5 32. Ne4 Ke6 33. Nf6 Rc8 34. h4 b5 35. h5 b4 36. h6 bxc3 37. h7 cxb2 38. Ng8 Rc3+ 39. Kg2 Rc2+ 40. Kg1 f4 41. h8=Q f3 42. Qf6+ Kd5 43.
Rxe5+ dxe5 44. Ne7+ Kc5 45. Qc6+ Kd4 46. Rd1+ Ke3 47.
Nd5+ Ke4 48. Qxc2# 1-0

[Event "*** Titled Tuesday 3|2 Blitz"]
[Site "Chess.com"]
[Date "2016.09.06"]
[Round "2"]
[White "wonderfultime"]
[Black "michaelq2d5"]
[Result "1-0"]
[WhiteElo "2681"]
[BlackElo "2508"]
[TimeControl "180+2"]
[EndTime "17:21:37 PDT"]
[Termination "wonderfultime won by checkmate"]

1. d4 Nf6 2. c4 e6 3. Nf3 d5 4.
Nc3 Bb4 5. Bg5 Nbd7 6. e3 c5 7. cxd5 exd5 8. Bd3 Qa5 9. Qc2 c4 10. Bf5 O-O 11. O-O g6 12. Bh3 Bxc3 13. bxc3 Ne4 14. Bh6 Re8 15. Rfc1 Nb6 16. Bxc8 Raxc8 17. Rab1 Re7 18.
Nd2 Nxd2 19. Qxd2 Rce8 20. Rb4 Qa3 21. Qc2 f6 22. h4 Kf7 23. Bf4 Rd8 24. h5 Qa6 25. Rcb1 Nc8 26. Rb5 Qc6 27. Rc5 Qe6 28.
a4 b6 29. Rcb5 a6 30. R5b2 Kg7 31. Qe2 g5 32. Bg3 Qd7 33. Rb4 Re6 34. Qf3 Rde8 35.
Qf5 Ne7 36. Qf3 Nc8 37. R1b2 Re4 38. Rb1 g4 39. Qd1 Qf7 40. h6+ Kg8 41. Bf4 f5 42. f3 gxf3 43. gxf3 R4e6 44. Kf2 Qh5 45. Qh1 Qxh1 46.
Rxh1 Kf7 47. Rh5 Kg6 48. Rg5+ Kf6 49. Rg7 R8e7 50. Bg5# 1-0

[Event "*** Titled Tuesday 3|2 Blitz"]
[Site "Chess.com"]
[Date "2016.09.06"]
[Round "2"]
[White "Salem-AR"]
[Black "Newlight1"]
[Result "0-1"]
[WhiteElo "2665"]
[BlackElo "2519"]
[TimeControl "180+2"]
[EndTime "17:21:44 PDT"]
[Termination "Newlight1 won by resignation"]

1. d4 Nf6 2. c4 e6 3. Nf3 d5 4.
Nc3 Be7 5. Bg5 h6 6. Bxf6 Bxf6 7.
e3 O-O 8. Rc1 c6 9. h4 Nd7 10. g4 Be7 11. g5 h5 12. cxd5 exd5 13. Bd3 g6 14. Ne2 Bd6 15. Kf1 Nb6 16. Ne5 Qe7 17. f4 c5 18. Ng3 Bg4 19. Qd2 c4 20. Bb1 Rfe8 21. Nxg4 hxg4 22. Kf2 c3 23. Rxc3 Bb4 24. Qe2 Bxc3 25. bxc3 Rac8 26. h5 Rxc3 27. hxg6 Qxe3+ 28. Qxe3 Rexe3 29. gxf7+ Kxf7 30. Rh7+ Kf8 31. Rh8+ Kf7 32. Nh5 Rf3+ 33. Kg2 g3 34. g6+ Ke7 35. Kh3 Rf1 36. Rh7+ Kd6 37. g7 Rh1+ 38. Kg4 g2 39.
Rh6+ Kc7 40. Ng3 Rxg3+ 41. Kf5 Rxh6 0-1

[Event "*** Titled Tuesday 3|2 Blitz"]
[Site "Chess.com"]
[Date "2016.09.06"]
[Round "2"]
[White "Rsnr"]
[Black "ZapataCharlesS"]
[Result "1-0"]
[WhiteElo "2530"]
[BlackElo "2576"]
[TimeControl "180+2"]
[EndTime "17:21:46 PDT"]
[Termination "Rsnr won by resignation"]

1. d4 Nf6 2. c4 e6 3. Nf3 Bb4+ 4. Nbd2 O-O 5. a3 Bxd2+ 6. Qxd2 b6 7. e3 Bb7 8. Be2 Ne4 9. Qc2 f5 10. O-O d6 11. b4 Nd7 12. d5 e5 13. Nd2 Nxd2 14. Bxd2 Qf6 15. f3 g5 16. a4 h5 17. a5 Rab8 18. axb6 axb6 19. Ra7 Rf7 20. f4 g4 21. e4 exf4 22. Rxf4 Qd4+ 23. Kh1 fxe4 24. Rxe4 Qf2 25. Qc1 Ne5 26. Bc3 Rbf8 27. Bd4 Qf5 28. Qe3 Bc8 29. Ra1 Ng6 30. g3 Kh7 31.
Rf1 Qd7 32. Rxf7+ Qxf7 33. Qg5 Ne5 34. Bxe5 dxe5 35. Rxe5 Rg8 36. Qxh5+ Qxh5 37. Rxh5+ Kg6 38. Re5 Rf8 39. Kg2 Kf6 40. Re4 Kg5 41. Bd3 Kf6 42. Rf4+ Ke7 43. Rxf8 Kxf8 44. Kf2 Ke7 45. Ke3 Kd6 46. Kd4 b5 47. c5+ Ke7 48. Ke5 Kd8 49. Be2 Bd7 50. Kf4 Be8 51. Bxg4 Bf7 52. Bf3 Bxd5 53.
Bxd5 1-0

[Event "*** Titled Tuesday 3|2 Blitz"]
[Site "Chess.com"]
[Date "2016.09.06"]
[Round "2"]
[White "Elshan1985"]
[Black "gmjoey1"]
[Result "1-0"]
[WhiteElo "2585"]
[BlackElo "2508"]
[TimeControl "180+2"]
[EndTime "17:21:56 PDT"]
[Termination "Elshan1985 won by resignation"]

1. d4 Nf6 2. Nf3 e6 3. c4 c5 4. e3 cxd4 5. exd4 d5 6. Nc3 Bb4 7. cxd5 exd5 8. Bb5+ Bd7 9. Qe2+ Ne4 10. O-O Bxc3 11. bxc3 O-O 12. Bxd7 Nxd7 13. c4 Re8 14. Qd3 dxc4 15. Qxc4 Nb6 16. Qb3 Qd5 17. Be3 Qxb3 18. axb3 Nd5 19. Ra5 Red8 20. Re1 b6 21. Raa1 f6 22. h3 a5 23. Nh4 g6 24. Bh6 Re8 25.
Nf3 g5 26. h4 g4 27. Ne5 Nxf2 28. Kxf2 fxe5 29. Rxe5 Rxe5 30. dxe5 Re8 31. Re1 Kf7 32. Kg3 Kg6 33. Bd2 h5 34. Bc1 Nb4 35. Re3 Kf5 36. Bb2 Nc6 37. Re1 Re6 38. Rf1+ Ke4 39. Rf6 Rxf6 40.
exf6 Nd8 41. Ba3 b5 42. Bc5 Nf7 43. Bb6 a4 44. bxa4 bxa4 45. Bc5 Ke5 46. Be7 Ke4 47. Bf8 Kf5 48. Be7 Ke5 49. Kf2 Kf4 50. Bf8 g3+ 51.
Ke2 Kg4 52. Ke3 Kxh4 53. Kf4 Ng5 54. Be7 Nf7 55. Kf5 a3 56. Bxa3 Nd6+ 57. Kg6 Nc4 58.
Bb2 Nd6 59. Be5 Nc4 60. Bc7 Ne3 61. f7 Nf5 62. f8=Q 1-0

[Event "*** Titled Tuesday 3|2 Blitz"]
[Site "Chess.com"]
[Date "2016.09.06"]
[Round "2"]
[White "DeviatkinAndrey"]
[Black "MaestroASK"]
[Result "1/2-1/2"]
[WhiteElo "2586"]
[BlackElo "2472"]
[TimeControl "180+2"]
[EndTime "17:21:58 PDT"]
[Termination "Game drawn - insufficient material"]

1. f4 c6 2. b3 Nf6 3. Bb2 d5 4. Nf3 Bf5 5. e3 Nbd7 6. g3 e6 7. Bg2 Bd6 8. d3 Qe7 9. O-O h6 10. Nbd2 Bh7 11. Ne5 Bc7 12. Ndf3 Nxe5 13. Nxe5 O-O 14. Qe2 Nd7 15. Ng4 f5 16. Ne5 Nxe5 17.
Bxe5 Bxe5 18. fxe5 g5 19. Rf2 Qg7 20. d4 Bg6 21. c4 Rf7 22. Qd2 a6 23. Rc1 Raf8 24. Kh1 Bh5 25. a4 Bg6 26. b4 dxc4 27. Rxc4 Rd7 28. Rc5 Rfd8 29. b5 axb5 30. axb5 cxb5 31. Rxb5 Qe7 32. Qb2 Bf7 33. h3 Ra8 34. Rxb7 Rxb7 35. Qxb7 Ra1+ 36. Kh2 Qxb7 37. Bxb7 Re1 38. g4 fxg4 39.
hxg4 Rxe3 40. Rd2 h5 41. gxh5 Bxh5 42. d5 exd5 43. Rxd5 Kf8 44. e6 Rxe6 45. Rxg5 Bf7 46. Bd5 Rh6+ 47. Kg3 Rg6 48. Rxg6 Bxg6 1/2-1/2